 Dungeon Crawl Stone Soup version 0.18-a0-844-g9229740 (webtiles) character file.

403 Kolbur the Covert (level 7, -8/40 HPs)
             Began as a Kobold Assassin on Dec 19, 2015.
             Killed by nerve-wracking pain
             ... invoked by a shadow imp
              (10 damage)
             ... on level 7 of the Dungeon.
             The game lasted 00:20:38 (1442 turns).

Kolbur the Covert (Kobold Assassin)                 Turns: 1442, Time: 00:20:38

Health: -8/40      AC:  3    Str: 10    XL:     7   Next: 11%
Magic:  7/7        EV: 15    Int:  9    God:
Gold:   88         SH:  5    Dex: 19    Spells: 0 memorised, 6 levels left

rFire  . . .     SeeInvis .     a - +1 dagger (speed)
rCold  . . .     Gourm    .     c - +0 robe
rNeg   . . .     Faith    .     u - +0 buckler
rPois  .         Spirit   .     (no helmet)
rElec  .         Dismiss  .     d - +0 cloak
rCorr  .         Reflect  .     (no gloves)
SustAt .         Harm     .     (no boots)
MR     .....                    (no amulet)
Stlth  +++++.....               (no ring)
                                (no ring)

@: drained, not resistant to hostile enchantments, quite stealthy
A: carnivore 3
a: no special abilities


You were on level 7 of the Dungeon.
You were very hungry.

You visited 1 branch of the dungeon, and saw 8 of its levels.
You also visited: Sewer.

You collected 88 gold pieces.

Inventory:

Hand Weapons
 a - a +1 dagger of speed (weapon)
 b - a +0 blowgun
 y - a +1 falchion of protection
Missiles
 e - 21 poisoned needles
 f - a curare-tipped needle
 k - 33 stones (quivered)
Armour
 c - a +0 robe (worn)
 d - a +0 cloak (worn)
 u - a +0 buckler (worn)
Scrolls
 h - a scroll of amnesia {unknown}
 i - a scroll of recharging {unknown}
 j - 2 scrolls of enchant armour {unknown}
 l - a scroll of blinking {unknown}
 m - 3 scrolls of identify {unknown}
 v - a scroll of teleportation {unknown}
 x - 2 scrolls of remove curse {unknown}
Potions
 n - a potion of lignification
 p - a potion of curing
 q - a potion of agility
 r - 4 potions of heal wounds {unknown}
 s - a potion of might {unknown}
 t - 4 potions of flight {unknown}
 w - a potion of haste {unknown}
Books
 o - an Akashic Record

   Spells                             Type                      Level
   a - Dispersal                      Translocation                6
   b - Malign Gateway                 Summoning/Translocation      7
   c - Disjunction                    Translocation                8
   d - Controlled Blink               Translocation                8
Comestibles
 g - a meat ration
 z - a beef jerky


   Skills:
 - Level 2.1(1.8) Fighting
 - Level 5.5(5.1) Short Blades
 - Level 2.1(1.8) Throwing
 - Level 2.7(2.3) Dodging
 - Level 8.4(8.0) Stealth
 + Level 1.9(1.6) Shields


You had 6 spell levels left.
You didn't know any spells.

Dungeon Overview and Level Annotations

Branches:
Dungeon (8/15)             Temple (0/1) D:7
   Lair: D:8-11

Altars:
Vehumet

Annotations:
D:7 exclusion: statue


Innate Abilities, Weirdness & Mutations

You are small and have problems with some larger weapons.
You are carnivorous and can eat meat at any time.


Message History

* * * LOW HITPOINT WARNING * * *
You hit the wight but do no damage.
The wight is heavily damaged.
The wight hits you with a long sword!
* * * LOW HITPOINT WARNING * * *
You see here a robe.
Found 20 stones.
Found a staircase to the Ecumenical Temple.
A shadow imp comes into view.
The shadow imp shouts!
Found a stone staircase leading up.
A scorpion comes into view.
You see here a scale mail.
The shadow imp hits you.
* * * LOW HITPOINT WARNING * * *
Found 2 fruits.
The shadow imp shouts, "Escape, thou defiled dizzy-eyed nightsoil!"
The shadow imp gestures at you. Pain shoots through your body!
You die...

...#........ ...#
........# +###
..%.....### ..
#........# .. #........#
... ..
.....#......<.#.... ..
#.....#........#.... ..
#(....#.........P...
#####.....#.....@....P.s
...#......#.......P.>(..
...##.....#....z5.P..PP.
...##.....#.....[.....P.
..........#.............
#####.....#..%..........
...##.....#.............
...'......'.............
...########.............


You could see a scorpion (wandering), a wight and a shadow imp.

Vanquished Creatures
  A centaur (D:5)
  2 big kobolds (Sewer)
  A wight (D:8)
  2 worker ants
  5 adders
  An ooze (Sewer)
  An adder skeleton (D:4)
  2 orcs
  5 ball pythons
  2 hobgoblins (D:3)
  4 jackals
  A quokka (D:4)
  2 giant cockroaches (D:4)
  2 giant newts
  14 kobolds
  A quokka skeleton (D:4)
  4 rats (Sewer)
50 creatures vanquished.

Notes
Turn   | Place    | Note
--------------------------------------------------------------
     0 | D:1      | Kolbur the Kobold Assassin began the quest for the Orb.
     0 | D:1      | Reached XP level 1. HP: 12/12 MP: 1/1
   232 | D:4      | Noticed a worker ant
   236 | D:4      | Killed a worker ant
   236 | D:4      | Reached XP level 2. HP: 11/17 MP: 2/2
   236 | D:4      | Reached XP level 3. HP: 13/21 MP: 3/3
   252 | D:4      | Reached skill level 6 in Stealth
   298 | D:4      | Reached XP level 4. HP: 18/26 MP: 4/4
   300 | D:4      | Noticed a slave
   364 | D:4      | Noticed a slave
   412 | D:5      | Entered Level 5 of the Dungeon
   447 | D:4      | Found a glowing drain.
   456 | Sewer    | Entered a sewer
   474 | Sewer    | Noticed a big kobold
   521 | Sewer    | Killed a big kobold
   521 | Sewer    | Reached skill level 7 in Stealth
   521 | Sewer    | Reached XP level 5. HP: 13/30 MP: 5/5
   606 | Sewer    | HP: 1/30 [poisoned by a kobold]
   847 | Sewer    | Reached skill level 5 in Short Blades
   847 | Sewer    | Reached XP level 6. HP: 12/35 MP: 6/6
  1046 | D:5      | Reached skill level 8 in Stealth
  1046 | D:5      | Reached skill level 1 in Shields
  1256 | D:7      | Found a radiant altar of Vehumet.
  1389 | D:8      | Reached XP level 7. HP: 40/40 MP: 7/7
  1422 | D:7      | HP: 2/40 [wight/long sword (10)]
  1434 | D:7      | Found a staircase to the Ecumenical Temple.
  1441 | D:7      | HP: 2/40 [shadow imp (3)]
  1442 | D:7      | Killed from afar by a shadow imp

Vault maps used:
D:1:      minmay_arrival_hallway, supply_closet_lemuel
D:2:      grunt_dithmenos_smoke_and_mirrors, corner_web_ring, uniq_robin
D:4:      portal_sewer_entry_d, minmay_bisected, uniq_pikel
D:5:      amethyst_overflow_temple_binary, kennysheep_little_box, first_bread
D:7:      vehumet_statue, trog_ov_bears_minmay, minmay_temple_entry_overgrown
D:8:      xom_butterflies, lemuel_doored_altar, blue_anna_alchemist
Sewer:    kennysheep_pipe_town

Action                   |  1- 3 |  4- 6 |  7- 9 || total
-------------------------+-------+-------+-------++-------
Melee: Dagger            |    19 |   112 |    29 ||   160
 Fire: Blowgun           |     5 |    22 |       ||    27
  Use: Potion            |       |     4 |       ||     4
 Stab: Sleeping          |     4 |    20 |       ||    24
       Invisible         |       |     1 |       ||     1
  Eat: Chunk             |       |     1 |       ||     1

Vault maps used:
D:1:      minmay_arrival_hallway, supply_closet_lemuel
D:2:      grunt_dithmenos_smoke_and_mirrors, corner_web_ring, uniq_robin
D:4:      portal_sewer_entry_d, minmay_bisected, uniq_pikel
D:5:      amethyst_overflow_temple_binary, kennysheep_little_box, first_bread
D:7:      vehumet_statue, trog_ov_bears_minmay, minmay_temple_entry_overgrown
D:8:      xom_butterflies, lemuel_doored_altar, blue_anna_alchemist
Sewer:    kennysheep_pipe_town

Table legend:
 A = Turns spent in this place as a percentage of turns spent in the entire game.
 B = Non-inter-level travel turns spent in this place as a percentage of non-inter-level travel turns spent in the entire game.
 C = Inter-level travel turns spent in this place as a percentage of turns spent in this place.
 D = Turns resting spent in this place as a percentage of non-inter-level travel turns spent in this place.
 E = Turns spent auto-exploring this place as a percentage of non-inter-level travel turns spent in this place.
 F = Non-inter-level travel turns spent in this place divided by the number of levels of this place that you've seen.
                   A       B       C       D       E      F
               +-------+-------+-------+-------+-------+----------------------
         Total | 100.0 | 100.0 |   0.0 |   0.0 |   0.0 | 155.4
       Dungeon |  66.0 |  66.0 |   0.0 |   0.0 |   0.0 | 115.4
         Sewer |  34.0 |  34.0 |   0.0 |   0.0 |   0.0 | 476.0
               +-------+-------+-------+-------+-------+----------------------
